[Event "Team 45 45 League T51"]
[Site "Internet Chess Club"]
[Date "2011.12.03"]
[Round "4"]
[White "vaknight"]
[Black "Packerfan"]
[Result "1-0"]
[WhiteElo "1814"]
[BlackElo "1719"]
[Opening "Bird: From gambit, Lasker variation"]
[ECO "A02"]
[Time "10:03:13"]
[TimeControl "2700+45"]

1. f4 e5 2. fxe5 d6 3. exd6 Bxd6 4. Nf3 g5 5. g3 g4 6. Nh4 Ne7 7. e4 Ng6 8. Ng2
h5 9. d4 h4 10. e5 Be7 11. Qd3 hxg3 12. Be3 gxh2 13. Bf2 Bh4 14. Qe3 Nc6 15. c3
Bxf2+ 16. Qxf2 Be6 17. Nd2 Qg5 18. Ne4 Qf5 19. Nf6+ Ke7 20. Qxf5 Bxf5 21. Ne3
Bc8 22. Nfxg4 Bxg4 23. Nxg4 Rh4 24. Be2 Rah8 25. O-O-O Nf4 26. Bf3 Rh3 27. Rdf1
Nh5 28. Rxh2 Rxh2 29. Nxh2 Ng3 30. Rf2 Nd8 31. Ng4 c6 32. Ne3 Rg8 33. Kc2 Rg5
34. Rg2 Rg6 35. Bg4 Ne4 36. Kd3 Ng5 37. Bh5 Rg8 38. Nf5+ Kf8 39. c4 Nge6 40.
Rxg8+ Kxg8 41. Ke3 Ng7 42. Bg4 Nxf5+ 43. Bxf5 Kf8 44. d5 cxd5 45. cxd5 Ke7 46.
Kd4 b6 47. d6+ Ke8 48. Kd5 Kf8 49. b4 Ke8 50. a4 Kf8 51. Bd7 Kg7 52. e6 fxe6+
53. Bxe6 Kf8 54. Bd7 Kf7 55. Bb5 Kf6 56. Bd7 Kf7 57. a5 bxa5 58. bxa5 Kf6 59.
Bc8 Kf7 60. Kc5 Kf6 61. Bg4 Ke5 62. d7 Kf6 63. Kd6 Kf7 64. a6 Kf8 65. Kc7 Ke7
66. Bf3 Ne6+ 67. Kc8 Nd8 68. Kc7 Ne6+ 69. Kc8 Nd8 70. Bd5 {Black resigns} 1-0

[Event "Team 45 45 League T51"]
[Site "Internet Chess Club"]
[Date "2011.12.03"]
[Round "4"]
[White "IshanR"]
[Black "rayonline53"]
[Result "1/2-1/2"]
[WhiteElo "1848"]
[BlackElo "1557"]
[Opening "Vienna gambit"]
[ECO "C29"]
[Time "05:01:44"]
[TimeControl "2700+45"]

1. e4 e5 2. Nc3 Nf6 3. f4 d5 4. exd5 exf4 5. Bb5+ Bd7 6. Bc4 Bd6 7. Qe2+ Qe7 8.
Qxe7+ Kxe7 9. d4 Re8 10. Nge2 Kf8 11. O-O Bf5 12. Bb3 a6 13. Nxf4 Be4 14. Bd2
Nbd7 15. Rae1 Nb6 16. Ne6+ fxe6 17. Nxe4 Nxd5 18. Ng5 c6 19. Nxe6+ Kg8 20. Nf4
Kh8 21. Nxd5 Nxd5 22. Rf7 Rxe1+ 23. Bxe1 Nf4 24. Bc4 b5 25. Bg3 bxc4 26. Bxf4
Bxf4 27. Rxf4 Kg8 28. c3 Rb8 29. Rf2 Rb5 30. g4 c5 31. Kg2 cxd4 32. cxd4 Rd5 33.
Rd2 Kf7 34. Kf3 Ke6 35. Ke4 Kd6 36. Rc2 Rb5 37. h4 a5 38. Rf2 Ke6 39. Re2 Kd6
40. Rc2 Rb4 41. g5 Rb5 42. Rf2 Rb4 43. Rc2 Rb5 44. d5 Rxd5 45. Rxc4 Re5+ 46. Kf4
Re2 47. Ra4 Rxb2 48. Rxa5 Rb4+ 49. Kg3 Rb7 50. a3 Kc6 51. Kg4 Kb6 52. Rf5 Ra7
53. Rf3 Ra4+ 54. Kg3 Kc6 55. h5 Ra7 56. g6 hxg6 57. hxg6 Kd6 58. Kf2 Ke6 59. Ke2
Ke5 60. Kd2 Ra6 {Game drawn by mutual agreement} 1/2-1/2

[Event "Team 45 45 League T51"]
[Site "Internet Chess Club"]
[Date "2011.12.04"]
[Round "4"]
[White "Muravey"]
[Black "flyingpawns"]
[Result "1/2-1/2"]
[WhiteElo "1619"]
[BlackElo "1702"]
[Opening "Nimzovich-Larsen attack"]
[ECO "A01"]
[Time "10:30:09"]
[TimeControl "2700+45"]

1. b3 e6 2. Bb2 d5 3. e3 Nf6 4. f4 c5 5. Bb5+ Bd7 6. Qe2 a6 7. Bxd7+ Qxd7 8. Nf3
Be7 9. d3 Nc6 10. Nbd2 b5 11. h3 d4 12. exd4 Nxd4 13. Nxd4 cxd4 14. Nf3 Bb4+ 15.
Kf2 Bc5 16. Rac1 O-O 17. Qe5 Qe7 18. Bxd4 Bxd4+ 19. Nxd4 Rac8 20. Nf5 Qa7+ 21.
Qd4 Qxd4+ 22. Nxd4 Nd5 23. g3 Nc3 24. a3 Rfd8 25. Ke3 Nd5+ 26. Kf3 Nc3 27. Ke3
Nd5+ 28. Kf3 Nc3 29. Ke3 Nd5+ {Game drawn by repetition} 1/2-1/2

[Event "Team 45 45 League T51"]
[Site "Internet Chess Club"]
[Date "2011.12.04"]
[Round "4"]
[White "carokantor"]
[Black "Gregorio"]
[Result "1-0"]
[WhiteElo "2050"]
[BlackElo "1836"]
[Opening "Queen's pawn game"]
[ECO "A45"]
[Time "14:00:11"]
[TimeControl "2700+45"]

1. d4 Nf6 2. e3 c5 3. c3 e6 4. Bd3 Qc7 5. f4 b6 6. Nf3 Bb7 7. O-O Be7 8. f5 O-O
9. Nbd2 Ng4 10. Qe1 d6 11. fxe6 fxe6 12. e4 e5 13. Bc4+ Kh8 14. Ng5 d5 15. Rxf8+
Bxf8 16. exd5 Bd6 17. Nde4 b5 18. Nxd6 bxc4 19. Qh4 Nh6 20. Qe4 g6 21. Qxe5+
{Black resigns} 1-0

[Event "Team 45 45 League T51"]
[Site "Internet Chess Club"]
[Date "2011.12.02"]
[Round "4"]
[White "MeanMrMustard"]
[Black "HumanTornado"]
[Result "1/2-1/2"]
[WhiteElo "1802"]
[BlackElo "1963"]
[Opening "Sicilian: Pelikan, Chelyabinsk variation"]
[ECO "B33"]
[Time "22:02:49"]
[TimeControl "2700+45"]

1. e4 c5 2. Nf3 Nc6 3. d4 cxd4 4. Nxd4 Nf6 5. Nc3 e5 6. Ndb5 d6 7. Bg5 a6 8. Na3
b5 9. Nd5 Be7 10. Bxf6 Bxf6 11. Nxf6+ Qxf6 12. c4 b4 13. Nc2 O-O 14. Be2 Bb7 15.
Bf3 a5 16. Qd2 Rfd8 17. O-O Qg6 18. Rfe1 {Game drawn by mutual agreement}
1/2-1/2

[Event "Team 45 45 League T51"]
[Site "Internet Chess Club"]
[Date "2011.12.01"]
[Round "4"]
[White "jt2000"]
[Black "ghostfire"]
[Result "1/2-1/2"]
[WhiteElo "1717"]
[BlackElo "1760"]
[Opening "Sicilian: Najdorf, Byrne (English) attack"]
[ECO "B90"]
[Time "22:01:17"]
[TimeControl "2700+45"]

1. e4 c5 2. Nf3 d6 3. d4 cxd4 4. Nxd4 Nf6 5. Nc3 a6 6. Be3 e6 7. f3 Be7 8. Qd2
O-O 9. O-O-O Nc6 10. g4 Nxd4 11. Bxd4 e5 12. Be3 Be6 13. g5 Nd7 14. h4 b5 15.
Kb1 Nb6 16. Qg2 b4 17. Bxb6 Qxb6 18. Na4 Qc6 19. b3 g6 20. h5 Rac8 21. Qh2 Bxg5
22. hxg6 h6 23. Bd3 fxg6 24. Rdg1 Kf7 25. Qe2 Ke7 26. Bxa6 Ra8 27. Bb5 Qb7 28.
Rd1 Rfd8 29. Bc4 Bxc4 30. Qxc4 Rac8 31. Qd5 Qc7 32. Rh2 Rf8 33. Qd3 Bf4 34. Rg2
g5 35. Nb2 h5 36. Nc4 Rcd8 37. Ne3 Ke6 38. Qd5+ Kf6 39. Nf5 Qc3 40. Re2 Qxf3 41.
Ree1 h4 42. Qc6 Kg6 43. Rxd6+ Rxd6 44. Qxd6+ Rf6 45. Qe7 Rxf5 46. exf5+ Kxf5 47.
Qd7+ Kg6 48. Qe8+ Kh6 49. Qh8+ Kg6 50. Qe8+ Kf6 51. Qd8+ Kf5 52. Qd7+ Kg6 53.
Qe8+ Kh6 54. Qf8+ Kh5 55. Qf5 h3 56. Rg1 Kh4 57. Qh7+ Qh5 58. Qe4 h2 59. Qe1+
Kh3 60. Qf1+ Kh4 61. Qf2+ Kh3 62. Qg2+ Kh4 63. Qf2+ Kh3 64. Qg2+ Kh4 65. Qf2+
{Game drawn by repetition} 1/2-1/2

[Event "Team 45 45 League T51"]
[Site "Internet Chess Club"]
[Date "2011.12.05"]
[Round "4"]
[White "Frankly"]
[Black "beitmery"]
[Result "1-0"]
[WhiteElo "1776"]
[BlackElo "1618"]
[Opening "Benkö gambit"]
[ECO "A57"]
[Time "15:07:24"]
[TimeControl "2700+45"]

1. d4 Nf6 2. c4 c5 3. d5 b5 4. Nf3 g6 5. cxb5 a6 6. b6 Qxb6 7. a4 Bg7 8. a5 Qc7
9. Nc3 d6 10. e4 Nbd7 11. Be2 O-O 12. O-O Ng4 13. Ng5 Ngf6 14. f4 h6 15. Nf3 Bb7
16. Bc4 Rfb8 17. Re1 Bc8 18. e5 dxe5 19. fxe5 Ng4 20. d6 exd6 21. exd6 Qd8 22.
Re7 Nde5 23. Nxe5 Nxe5 24. Ba2 Bf6 25. Rc7 Bg4 26. Qd5 Be6 27. Qxc5 Bxa2 28.
Nxa2 Nd3 29. Qd5 Qe8 30. Bxh6 Nxb2 31. Rf1 Rb5 32. Qd2 Qd8 33. Nc3 Rb3 34. Ne4
Nc4 35. Qd5 Nxd6 36. Qxd6 Qxd6 37. Nxd6 Be5 38. Rc8+ Rxc8 39. Nxc8 Bc3 40. Nd6
Bxa5 41. Nxf7 Bb6+ 42. Kh1 Bd4 43. Ng5 Rb8 44. Ne6 Bc3 45. g3 a5 46. Bf4 Ra8 47.
Bd6 a4 48. Ba3 Rb8 49. Rf8+ Rxf8 50. Nxf8 Kf7 51. Kg2 Kf6 52. Kf3 Kf5 53. Nd7
Bd4 54. Nc5 g5 55. Nxa4 g4+ 56. Ke2 Bg1 57. Kf1 Bxh2 58. Kg2 Bxg3 59. Kxg3 Kg5
60. Bc1+ Kf5 61. Nc5 Ke5 62. Kxg4 Kd5 63. Nd7 Kd4 64. Kf5 Kd5 65. Ba3 Kd4 66.
Bc5+ Kd5 67. Bf8 Kd4 68. Nf6 Kd3 69. Bc5 Kc4 70. Ba7 Kd3 71. Bb6 Kc4 72. Ke4 Kb5
73. Nd5 Kc6 74. Bd4 Kd6 75. Nf4 Kc6 76. Ke5 Kb5 77. Kd5 Kb4 78. Bc5+ Kc3 79.
Bd4+ Kd2 80. Kc4 Kc2 81. Be3 Kd1 82. Kd3 Ke1 83. Bd4 Kd1 84. Ng2 Kc1 85. Bc3 Kd1
86. Ne3+ Kc1 87. Nc4 Kd1 88. Nb2+ Kc1 89. Bd4 Kb1 90. Kc3 Ka2 91. Bc5 Kb1 92.
Kb3 Kc1 93. Be3+ Kb1 94. Na4 Ka1 95. Bd4+ Kb1 96. Nc3+ Kc1 97. Be3# {Black
checkmated} 1-0

[Event "Team 45 45 League T51"]
[Site "Internet Chess Club"]
[Date "2011.12.01"]
[Round "4"]
[White "Patzer4Life"]
[Black "BrianWood"]
[Result "0-1"]
[WhiteElo "1402"]
[BlackElo "1483"]
[Opening "English opening"]
[ECO "A20"]
[Time "12:03:48"]
[TimeControl "2700+45"]

1. c4 e5 2. e4 Nf6 3. d3 Bb4+ 4. Bd2 Bxd2+ 5. Nxd2 c5 6. Be2 O-O 7. Ngf3 d6 8.
h3 Nc6 9. O-O h6 10. Re1 Qb6 11. b3 Be6 12. Nf1 a5 13. a4 Qc7 14. Ne3 Nd7 15.
Nd5 Bxd5 16. exd5 Ne7 17. Nh2 Ng6 18. Bf3 Nf4 19. Re4 f5 20. Re1 Nf6 21. Nf1 Qf7
22. Re3 Qg6 23. Ng3 Nxh3+ 24. gxh3 f4 {White resigns} 0-1

[Event "Team 45 45 League T51"]
[Site "Internet Chess Club"]
[Date "2011.12.05"]
[Round "4"]
[White "rcddonovan"]
[Black "stan-beers"]
[Result "0-1"]
[WhiteElo "1373"]
[BlackElo "1495"]
[Opening "Philidor: Hanham variation"]
[ECO "B07"]
[Time "20:00:21"]
[TimeControl "2700+45"]

1. e4 d6 2. d4 Nd7 3. Nf3 e5 4. Be2 Ngf6 5. Nc3 c6 6. dxe5 dxe5 7. O-O Qc7 8.
Be3 Be7 9. a4 Ng4 10. Bc1 Ngf6 11. Rb1 Nc5 12. Nd2 O-O 13. b4 Ne6 14. Nf3 Rd8
15. Bd3 Nd4 16. Nxd4 Rxd4 17. Ba3 Be6 18. h3 Rad8 19. Qe2 h6 20. Qe3 a5 21. Rfd1
axb4 22. Bb2 bxc3 23. Bxc3 Rxa4 24. Be1 Bc4 {White resigns} 0-1

[Event "Team 45 45 League T51"]
[Site "Internet Chess Club"]
[Date "2011.12.02"]
[Round "4"]
[White "wekabird"]
[Black "kingsrook"]
[Result "0-1"]
[WhiteElo "1037"]
[BlackElo "1323"]
[Opening "English: Sicilian reversed"]
[ECO "A25"]
[Time "19:00:09"]
[TimeControl "2700+45"]

1. c4 e5 2. Nc3 Nc6 3. e4 Bc5 4. Nf3 d6 5. h3 Nge7 6. a3 O-O 7. b4 Bb6 8. Na4
Bd4 9. Nxd4 Nxd4 10. d3 c6 11. g3 Qc7 12. Bg2 b5 13. Nc3 Be6 14. cxb5 cxb5 15.
Bd2 a6 16. O-O Rfc8 17. Rc1 Qb7 18. Ne2 Nec6 19. Be3 Bb3 20. Qd2 Qb6 21. Nxd4
Nxd4 22. Rxc8+ Rxc8 23. Bxd4 exd4 24. Rc1 Rc7 25. Qb2 Rxc1+ 26. Qxc1 Be6 27. Bf3
Bd7 28. Kg2 h6 29. Bg4 Bc6 30. Bf3 Qc7 31. h4 Qb7 32. Qb2 Qb6 33. Qe2 Qc7 34.
Qc2 Qb7 35. Qe2 Kf8 36. Qd2 Qe7 37. Qc1 Qb7 38. Qf4 Qc7 39. e5 Bxf3+ 40. Qxf3
dxe5 41. Qa8+ Ke7 42. Qh8 Qc6+ 43. Kh2 Kf6 44. Qh7 Qf3 45. Kg1 Qf5 46. Qg8 Qxd3
47. Qd8+ Kg6 48. Qd6+ f6 49. Qxa6 e4 50. g4 Qd1+ 51. Kg2 Qxg4+ 52. Kf1 d3 53.
Qxb5 d2 54. Qe2 d1=Q+ {White resigns} 0-1

[Event "Team 45 45 League T51"]
[Site "Internet Chess Club"]
[Date "2011.12.02"]
[Round "4"]
[White "chess-fan"]
[Black "rook9999"]
[Result "0-1"]
[WhiteElo "1634"]
[BlackElo "1905"]
[Opening "Sicilian: Taimanov variation"]
[ECO "B48"]
[Time "21:00:30"]
[TimeControl "2700+45"]

1. e4 c5 2. Nf3 Nc6 3. d4 cxd4 4. Nxd4 Qc7 5. Nc3 e6 6. Be3 Nf6 7. Bc4 a6 8. O-O
b5 9. Be2 b4 10. Na4 Nxe4 11. Qd3 Nf6 12. Nxc6 Qxc6 13. Bf3 d5 14. Nb6 Rb8 15.
Nxc8 Rxc8 16. Rac1 Bd6 17. Be2 Ra8 18. c3 bxc3 19. Rxc3 Qd7 20. Rfc1 O-O 21. Rc6
a5 22. Ra6 e5 23. Rcc6 Rxa6 24. Qxa6 Bc7 25. Bd2 e4 26. Bb5 Qd8 27. Bg5 Bxh2+
28. Kh1 Be5 29. b3 h6 30. Bd2 Ng4 31. Kg1 Qh4 32. Be1 e3 33. Kf1 exf2 34. Bxa5
Qh1+ 35. Ke2 f1=Q+ 36. Kd2 Qd1# {White checkmated} 0-1

[Event "Team 45 45 League T51"]
[Site "Internet Chess Club"]
[Date "2011.12.03"]
[Round "4"]
[White "Mymas"]
[Black "hi12980"]
[Result "1-0"]
[WhiteElo "1470"]
[BlackElo "1494"]
[Opening "Bishop's opening: Classical variation"]
[ECO "C23"]
[Time "20:00:28"]
[TimeControl "2700+45"]

1. e4 e5 2. Bc4 Bc5 3. Nc3 d6 4. d3 Nf6 5. Bg5 Bxf2+ 6. Kxf2 Ng4+ 7. Qxg4 Bxg4
8. Bxd8 Kxd8 9. Nf3 f5 10. h3 fxe4 11. Nxe4 Bf5 12. Rhf1 c6 13. Nxd6 Bg6 14.
Nf7+ Bxf7 15. Bxf7 Nd7 16. Rae1 Ke7 17. Kg1 Nf6 18. Nxe5 Kd6 19. g4 g6 20. Rxf6+
Kc5 21. Nd7+ Kb4 22. Re5 c5 23. c3+ Kb5 24. Rxc5+ Ka4 25. Bb3# {Black
checkmated} 1-0

[Event "Team 45 45 League T51"]
[Site "Internet Chess Club"]
[Date "2011.12.04"]
[Round "4"]
[White "kingsleywang"]
[Black "cazj"]
[Result "0-1"]
[WhiteElo "1426"]
[BlackElo "1357"]
[Opening "Sicilian: Marshall variation"]
[ECO "B41"]
[Time "21:31:38"]
[TimeControl "2700+45"]

1. e4 c5 2. Nf3 e6 3. d4 d5 4. Nc3 cxd4 5. Qxd4 Nc6 6. Qd1 Bb4 7. exd5 Qxd5 8.
Qxd5 exd5 9. Bd2 Nf6 10. O-O-O O-O 11. a3 Bc5 12. Be1 d4 13. Na4 b6 14. Nxc5
bxc5 15. Bd3 Re8 16. c3 Bg4 17. Bb5 Rac8 18. Rd3 Bf5 19. Rd1 Na5 20. Ba4 Re2 21.
Rd2 d3 22. Kd1 Nc4 23. Rxe2 dxe2+ 24. Kxe2 Nxb2 25. Bb3 Re8+ 26. Kf1 Bd3+ 27.
Kg1 Nh5 28. h3 Nf4 29. Kh2 Re2 30. Ng5 c4 31. Bxc4 Bxc4 32. Nf3 Nfd3 33. Rf1 Bd5
34. Ng1 Rxe1 35. Rxe1 Nxe1 36. f3 Nc4 37. Ne2 Nxa3 38. Kg3 g5 39. Nd4 h5 40. Kf2
Nac2 41. Ne2 a5 42. Nc1 a4 43. Ne2 Bc4 44. Ng3 Nd3+ 45. Ke2 Nf4+ 46. Kf2 a3 47.
Kg1 a2 48. Kf2 a1=Q 49. Nf5 Qe1# {White checkmated} 0-1

[Event "Team 45 45 League T51"]
[Site "Internet Chess Club"]
[Date "2011.12.05"]
[Round "4"]
[White "baseball613"]
[Black "XGG123"]
[Result "0-1"]
[WhiteElo "1331"]
[BlackElo "1272"]
[Opening "Queen's bishop game"]
[ECO "D02"]
[Time "21:00:51"]
[TimeControl "2700+45"]

1. d4 Nf6 2. Nf3 d5 3. Bf4 Bf5 4. e3 e6 5. c4 Bb4+ 6. Nc3 Nc6 7. h3 O-O 8. Qb3
Qe7 9. cxd5 Na5 10. Qa4 exd5 11. Be2 Rab8 12. O-O a6 13. Bg5 b5 14. Qd1 h6 15.
Bxf6 Qxf6 16. Nxd5 Qg6 17. Ne5 Qg5 18. Bg4 Bd6 19. Qf3 Bc2 20. Nd7 Bd3 21. Rfc1
Rbe8 22. Nxf8 Bxf8 23. Rxc7 f6 24. Rac1 Be4 25. Nxf6+ gxf6 26. Qe2 Nc4 27. b3
Nd6 28. Bd7 Qxg2# {White checkmated} 0-1

[Event "Team 45 45 League T51"]
[Site "Internet Chess Club"]
[Date "2011.12.05"]
[Round "4"]
[White "quotha"]
[Black "mitus"]
[Result "1-0"]
[WhiteElo "1778"]
[BlackElo "1794"]
[Opening "Two knights defense (Modern bishop's opening)"]
[ECO "C55"]
[Time "15:02:01"]
[TimeControl "2700+45"]

1. e4 e5 2. Nf3 Nc6 3. Bc4 Nf6 4. d3 Be7 5. O-O d6 6. h3 O-O 7. Nc3 Na5 8. b4
Nxc4 9. dxc4 Be6 10. Qd3 h6 11. Be3 c6 12. Rfd1 Qc7 13. b5 Rfd8 14. Rab1 b6 15.
bxc6 Qxc6 16. Nd5 Bxd5 17. cxd5 Qa4 18. c4 Rac8 19. Rdc1 Rd7 20. Rb2 Rdc7 21.
Nd2 Nd7 22. f4 Bf6 23. f5 Nc5 24. Bxc5 Rxc5 25. Qb3 Qa6 26. Rbc2 Bg5 27. Rf1
Bxd2 28. Rxd2 Qxc4 29. Qg3 Qxe4 30. Rf3 Qb1+ 31. Kh2 Rc1 32. Qg4 Rh1+ 33. Kg3
Qe1+ 34. Rdf2 Rc2 35. f6 Kf8 36. fxg7+ Kg8 37. Rxf7 Rc3+ 38. Kh4 {Black resigns}
1-0

[Event "Team 45 45 League T51"]
[Site "Internet Chess Club"]
[Date "2011.12.04"]
[Round "4"]
[White "clarinetref"]
[Black "Hapa-Haole"]
[Result "0-1"]
[WhiteElo "1610"]
[BlackElo "1656"]
[Opening "Réti opening"]
[ECO "A04"]
[Time "11:06:32"]
[TimeControl "2700+45"]

1. Nf3 e6 2. b3 d5 3. Bb2 Nf6 4. e3 Nc6 5. d4 Bd6 6. c4 b6 7. Nc3 O-O 8. Rc1 Re8
9. cxd5 exd5 10. Bb5 Bd7 11. Nxd5 Nxd5 12. Bxc6 Bb4+ 13. Nd2 Bxc6 14. Rxc6 Nf4
15. O-O Qd5 16. exf4 Qxc6 17. Nc4 Qd5 18. Qg4 f6 19. Ne3 Qe6 20. f5 Qe4 21. Qg3
Bd6 22. Qh3 Qd3 23. Rd1 Qxd1+ {White resigns} 0-1

[Event "Team 45 45 League T51"]
[Site "Internet Chess Club"]
[Date "2011.12.01"]
[Round "4"]
[White "dschesq"]
[Black "tryanything"]
[Result "0-1"]
[WhiteElo "1643"]
[BlackElo "1599"]
[Opening "Réti opening"]
[ECO "A04"]
[Time "15:05:29"]
[TimeControl "2700+45"]

1. Nf3 Nc6 2. c4 e5 3. d4 exd4 4. Nxd4 d6 5. g3 Nf6 6. Bg2 Nxd4 7. Qxd4 c6 8.
Nc3 Be7 9. O-O O-O 10. b3 Be6 11. Rd1 Qd7 12. Bb2 Rfd8 13. Qf4 Bh3 14. Bh1 Qf5
15. Qh4 Ng4 16. Qxh3 Qxf2# {White checkmated} 0-1

[Event "Team 45 45 League T51"]
[Site "Internet Chess Club"]
[Date "2011.12.01"]
[Round "4"]
[White "Aquaman"]
[Black "nanning"]
[Result "0-1"]
[WhiteElo "1245"]
[BlackElo "1508"]
[Opening "Réti: King's Indian attack, French variation"]
[ECO "A04"]
[Time "14:15:27"]
[TimeControl "2700+45"]

1. Nf3 e6 2. g3 d5 3. Bg2 c5 4. O-O Nf6 5. d3 Be7 6. Nbd2 Nc6 7. Re1 O-O 8. e4
dxe4 9. dxe4 Qc7 10. c3 b5 11. e5 Nd7 12. Qe2 Rb8 13. Nf1 c4 14. Bf4 Nc5 15. Bg5
Bb7 16. Bxe7 Nxe7 17. Qe3 Nd3 18. Re2 Bd5 19. Bh3 Qb7 20. Nd4 Nc6 21. Nxc6 Bxc6
22. Rb1 Bf3 23. Rd2 Rbd8 24. Qg5 Rd5 25. g4 Rxe5 26. Qh4 Nf4 27. Ne3 Qe4 {White
forfeits on time} 0-1

[Event "Team 45 45 League T51"]
[Site "Internet Chess Club"]
[Date "2011.12.04"]
[Round "4"]
[White "Killian"]
[Black "crazyhorses"]
[Result "1-0"]
[WhiteElo "2018"]
[BlackElo "1527"]
[Opening "Sicilian: closed"]
[ECO "B24"]
[Time "15:01:36"]
[TimeControl "2700+45"]

1. e4 c5 2. Nc3 Nc6 3. g3 g6 4. Bg2 Bg7 5. d3 e6 6. Be3 d6 7. Qd2 Nge7 8. Bh6
O-O 9. h4 b5 10. h5 b4 11. Nd1 Rb8 12. hxg6 hxg6 13. Bxg7 Kxg7 14. Qh6+ Kf6 15.
Ne3 Ng8 16. Qh4+ Kg7 17. Qh8# {Black checkmated} 1-0

[Event "Team 45 45 League T51"]
[Site "Internet Chess Club"]
[Date "2011.12.05"]
[Round "4"]
[White "Theodulf"]
[Black "Helaman"]
[Result "0-1"]
[WhiteElo "1662"]
[BlackElo "1512"]
[Opening "Ruy Lopez: Marshall counter-attack"]
[ECO "C89"]
[Time "21:30:43"]
[TimeControl "2700+45"]

1. e4 e5 2. Nf3 Nc6 3. Bb5 a6 4. Ba4 Nf6 5. O-O Be7 6. Re1 b5 7. Bb3 O-O 8. c3
d5 9. d4 Nxe4 10. Nxe5 Nxe5 11. dxe5 Be6 12. Nd2 Nc5 13. Bc2 Qd7 14. Nb3 c6 15.
Be3 Nxb3 16. axb3 Bf5 17. b4 Bxc2 18. Qxc2 f6 19. e6 Qe8 20. f4 Bd6 21. f5 Qh5
22. g3 g6 23. fxg6 Qxg6 24. Qf2 f5 25. Bc5 Bxc5 26. Qxc5 f4 27. Qd6 fxg3 28.
Qxg3 Qxg3+ 29. hxg3 Rfe8 30. Re2 Re7 31. Kg2 Kg7 32. Kf3 Kf6 33. Rh1 Raa7 34.
Kf4 Ra8 35. Rh6+ Kg7 36. Rh5 Rae8 37. Kf5 Kf8 38. Re5 Rg7 39. g4 Ke7 40. g5 Kd6
41. Kf6 Rge7 42. Re1 Rf8# {White checkmated} 0-1

[Event "Team 45 45 League T51"]
[Site "Internet Chess Club"]
[Date "2011.12.05"]
[Round "4"]
[White "BrandonBee"]
[Black "kwameh72"]
[Result "1/2-1/2"]
[WhiteElo "1575"]
[BlackElo "1690"]
[Opening "Scandinavian: Pytel-Wade variation"]
[ECO "B01"]
[Time "09:01:20"]
[TimeControl "2700+45"]

1. e4 d5 2. exd5 Qxd5 3. Nc3 Qd6 4. Nf3 Nf6 5. Bc4 a6 6. d3 b5 7. Bb3 Bb7 8. h3
e6 9. Be3 Be7 10. Qd2 Nbd7 11. a3 O-O 12. Ne2 c5 13. Bf4 Qc6 14. c4 bxc4 15.
Bxc4 Nd5 16. Bg3 Rfe8 17. Nh2 N5b6 18. f3 Nxc4 19. dxc4 Bf6 20. Ng4 Rad8 21. Qc2
e5 22. O-O e4 23. Nxf6+ Nxf6 24. Nf4 exf3 25. Rxf3 Qd7 26. Rd3 Qc6 27. Bh4 h6
28. Nd5 g5 29. Nxf6+ Qxf6 30. Rxd8 Qxd8 31. Rd1 Qc7 32. Bf2 Qc6 33. Rd5 Re5 34.
Bxc5 Rxd5 35. cxd5 Qxd5 36. b4 Qe5 37. a4 Bc6 38. a5 Qd5 39. Qe2 f5 40. Kh2 f4
41. Qf2 Qe4 42. Qa2+ Kh7 43. Qf7+ Kh8 44. Qf6+ Kg8 45. Qf8+ Kh7 46. Qf7+ Kh8 47.
Qf6+ Kg8 48. Qf8+ Kh7 49. Qf7+ Kh8 50. Qf6+ Kg8 51. Qf8+ Kh7 52. Qf7+ Kh8 53.
Qf6+ Kg8 54. Qf8+ Kh7 55. Qf7+ {Game drawn by repetition} 1/2-1/2

[Event "Team 45 45 League T51"]
[Site "Internet Chess Club"]
[Date "2011.12.03"]
[Round "4"]
[White "ElmerHo"]
[Black "houseofcook"]
[Result "1-0"]
[WhiteElo "1550"]
[BlackElo "1451"]
[Opening "French: Steinitz, Boleslavsky variation"]
[ECO "C11"]
[Time "16:30:28"]
[TimeControl "2700+45"]

1. e4 e6 2. d4 d5 3. Nc3 Nf6 4. e5 Nfd7 5. f4 c5 6. Nf3 Nc6 7. Be3 cxd4 8. Nxd4
Bc5 9. Qd2 a6 10. O-O-O O-O 11. Nb3 Bxe3 12. Qxe3 b5 13. Bd3 b4 14. Na4 a5 15.
Qh3 h6 16. g4 Ba6 17. g5 g6 18. Qxh6 Qe7 19. Bxa6 Rxa6 20. Rd3 f5 21. Qxg6+ Qg7
22. Qxe6+ Qf7 23. Qxd5 Qxd5 24. Rxd5 Ncb8 25. h4 Rc8 26. Rh2 Rc4 27. Rd4 Rcc6
28. h5 Rc8 29. Rhd2 Kg7 30. Rd6 Ra7 31. Nd4 Nf8 32. Nxf5+ {Black resigns} 1-0

[Event "Team 45 45 League T51"]
[Site "Internet Chess Club"]
[Date "2011.12.04"]
[Round "4"]
[White "Paulkov"]
[Black "PandorasBox"]
[Result "1-0"]
[WhiteElo "2284"]
[BlackElo "1924"]
[Opening "French: Albin-Alekhine-Châtard attack"]
[ECO "C13"]
[Time "16:46:10"]
[TimeControl "2700+45"]

1. e4 e6 2. d4 d5 3. Nc3 Nf6 4. Bg5 Be7 5. e5 Nfd7 6. h4 Bxg5 7. hxg5 Qxg5 8.
Nh3 Qe7 9. Qg4 f5 10. Qg3 Nc6 11. Nf4 Nf8 12. O-O-O Bd7 13. Ncxd5 exd5 14. Nxd5
Qf7 15. Nxc7+ Kd8 16. Nxa8 Qxa2 17. Qxg7 Rg8 18. Qf6+ Kc8 19. Qd6 Qa1+ 20. Kd2
Qa5+ 21. c3 Be6 22. Rxh7 Bd7 23. e6 Nxh7 24. Qxd7+ Kb8 25. Qxh7 Qd8 26. Nc7 Qg5+
27. Kc2 Rg7 28. Qh2 Rxc7 29. d5 Nb4+ 30. Kb1 f4 31. cxb4 {Black resigns} 1-0

[Event "Team 45 45 League T51"]
[Site "Internet Chess Club"]
[Date "2011.12.03"]
[Round "4"]
[White "Stryker672"]
[Black "Boromir"]
[Result "1/2-1/2"]
[WhiteElo "1992"]
[BlackElo "1934"]
[Opening "Philidor: Improved Hanham variation"]
[ECO "B07"]
[Time "16:11:37"]
[TimeControl "2700+45"]

1. e4 d6 2. d4 Nf6 3. Nc3 e5 4. Nf3 Nbd7 5. Bc4 Be7 6. O-O O-O 7. Re1 c6 8. a4
Qc7 9. a5 exd4 10. Nxd4 Re8 11. Bg5 Ne5 12. Bf1 h6 13. Be3 Neg4 14. Bf4 Nh5 15.
Qf3 Nxf4 16. Qxf4 Ne5 17. h3 Bd7 18. Nf5 Bf8 19. Qg3 Kh8 20. Nh4 Be6 21. f4 Ng6
22. Nxg6+ fxg6 23. Qxg6 Bf7 24. Qg3 Be7 25. Bd3 Bf6 26. Qf3 Rad8 27. Nd1 a6 28.
c3 Rf8 29. Ne3 Be6 30. Ng4 Be7 31. f5 h5 32. Ne3 Bf7 33. g4 d5 34. Ng2 dxe4 35.
Bxe4 Rd2 36. b4 Rfd8 37. f6 Bxf6 38. Qf5 Kg8 39. Qh7+ Kf8 40. Qh8+ Ke7 41. Bf5+
Kd6 42. Rad1 Rxh8 43. Rxd2+ Bd5 44. Re6+ Kd7 45. c4 Kd8 46. cxd5 Bg5 47. Rd3 c5
48. d6 Qf7 49. bxc5 Re8 50. c6 bxc6 51. Rb3 Qa7+ 52. Rb6 Rxe6 53. Bxe6 hxg4 54.
hxg4 Bf6 55. Kf1 Qa8 56. Ke2 c5 57. Ne3 Bd4 58. Nd5 Bf6 59. Kd3 Bg5 60. Kc4 Bd2
61. Kxc5 Be1 62. Ne3 Bxa5 63. Rc6 Bb4+ 64. Kd5 Bxd6 65. Kxd6 Qb8+ 66. Kd5 Qb5+
67. Kd6 Qb8+ 68. Kd5 Qb5+ 69. Kd6 Qb8+ {Game drawn by repetition} 1/2-1/2

[Event "Team 45 45 League T51"]
[Site "Internet Chess Club"]
[Date "2011.12.04"]
[Round "4"]
[White "futureGM"]
[Black "zachi"]
[Result "1-0"]
[WhiteElo "1913"]
[BlackElo "1967"]
[Opening "Caro-Kann: Tartakower (Nimzovich) variation"]
[ECO "B15"]
[Time "16:00:30"]
[TimeControl "2700+45"]

1. e4 c6 2. d4 d5 3. Nc3 dxe4 4. Nxe4 Nf6 5. Nxf6+ exf6 6. Nf3 Bd6 7. Be2 O-O 8.
O-O Bg4 9. c4 Qc7 10. h3 Bh5 11. Qc2 Na6 12. a3 Rad8 13. Be3 Bf4 14. b4 Rfe8 15.
Qd2 Bxe3 16. fxe3 Qe7 17. Kf2 Nc7 18. Rae1 Ne6 19. Kg1 f5 20. c5 Nc7 21. Ne5
Qxe5 22. Bxh5 g6 23. Bf3 Qf6 24. Qa2 Qe6 25. Qb2 Qd7 26. Qb3 Re7 27. a4 a6 28.
Rf2 Rde8 29. Rd2 Nd5 30. Bxd5 cxd5 31. b5 axb5 32. axb5 f4 33. Rde2 f3 34. gxf3
Qxh3 35. Qxd5 Qg3+ 36. Kh1 Qh4+ 37. Kg2 Re4 38. fxe4 Rxe4 39. Rf2 Qg4+ 40. Kf1
Qh3+ 41. Rg2 Qf3+ 42. Kg1 {Black resigns} 1-0